 Dungeon Crawl Stone Soup version 0.31.0-11-ge490571c62 (webtiles) character file.

Game seed: 281913673621102062

44 mopl the Sneak (level 3, 0/26 HPs)
             Began as a Draconian Enchanter on Feb 10, 2024.
             Slain by a giant cockroach (2 damage)
             ... on level 2 of the Dungeon.
             The game lasted 00:01:12 (1023 turns).

mopl the Sneak (Draconian Enchanter)                Turns: 1023, Time: 00:01:12

Health: 0/26       AC:  5    Str: 10    XL:     3   Next: 41%
Magic:  5/6        EV: 12    Int: 17    God:
Gold:   51         SH:  0    Dex: 11    Spells: 2/7 levels left

rFire   . . .        a - +1 dagger
rCold   . . .        (no shield)
rNeg    . . .        (body armour unavailable)
rPois   .            (helmet restricted)
rElec   .            (no cloak)
rCorr   .            (no gloves)
SInv    .            (no boots)
Will    .....        (no amulet)
Stlth   ++           (no ring)
HPRegen 0.24/turn    (no ring)
MPRegen 0.10/turn

%: no passive effects
@: no status effects
A: AC +5, unfitting armour, cold-blooded
a: no special abilities


You were on level 2 of the Dungeon.
You visited 1 branch of the dungeon, and saw 2 of its levels.

You collected 51 gold pieces.

Inventory:

Hand Weapons
 a - a +1 dagger (weapon)
Scrolls
 d - a scroll of butterflies {unknown}
 e - a scroll of revelation {unknown}
 f - a scroll of vulnerability {unknown}
 g - a scroll of amnesia {unknown}
Potions
 b - 2 potions of invisibility
 c - a potion of mutation {unknown}


   Skills:
 + Level 1.6 Short Blades
 - Level 1.7 Dodging
 * Level 3.2 Stealth
 * Level 2.5 Spellcasting
 * Level 3.1 Hexes


You had 2 spell levels left.
You knew the following spells:

 Your Spells              Type           Power      Damage    Failure   Level
b - Ensorcelled Hibernat  Hex/Ice        14%        N/A       14%         2
c - Confusing Touch       Hex            12%        N/A       16%         3

Your spell library contained the following spells:

 Spells                   Type           Power      Damage    Failure   Level
 Slow                     Hex            48%        N/A       5%          1
 Sigil of Binding         Hex            12%        N/A       16%         3
 Tukima's Dance           Hex            12%        N/A       16%         3
 Dazzling Flash           Conj/Hex       14%        N/A       28%         3
 Vampiric Draining        Necr           2%         2d6       50%         3


Dungeon Overview and Level Annotations

Branches:
Dungeon (2/15)

Altars:


Innate Abilities, Weirdness & Mutations

Your plain brown scales are hard. (AC +5)
You cannot fit into any form of body armour.
You are cold-blooded and may be slowed by cold attacks.


Message History

You hit the giant cockroach but do no damage.
The giant cockroach is heavily wounded.
The giant cockroach closely misses you. The gnoll barely misses you.
Unknown command.
You hit the giant cockroach.
Your tail-slap misses the giant cockroach.
The giant cockroach is severely wounded.
The giant cockroach closely misses you.
The giant cockroach bites you but does no damage.
The giant cockroach bites you.
* * * LOW HITPOINT WARNING * * *
The gnoll barely misses you. The giant cockroach closely misses you.
You hit the giant cockroach but do no damage.
The giant cockroach is severely wounded.
The giant cockroach closely misses you.
The giant cockroach waves its antennae.
The giant cockroach bites you.
* * * LOW HITPOINT WARNING * * *
The gnoll barely misses you. The giant cockroach barely misses you.
The giant cockroach misses you.
The giant cockroach bites you but does no damage.
You hit the giant cockroach but do no damage.
The giant cockroach is severely wounded.
The gnoll hits you from afar with a +0 halberd.
* * * LOW HITPOINT WARNING * * *
The giant cockroach barely misses you.
The giant cockroach bites you but does no damage. x2
Unknown command.
You closely miss the giant cockroach.
Your tail-slap misses the giant cockroach.
The giant cockroach is severely wounded.
The giant cockroach barely misses you. The giant cockroach closely misses you.
The gnoll hits you from afar with a +0 halberd.
* * * LOW HITPOINT WARNING * * *
The giant cockroach barely misses you.
The giant cockroach waves its antennae.
You hit the giant cockroach.
You kill the giant cockroach!
The giant cockroach bites you.
You die...

#..# #.## #+
####.#
#.##....########
#...............
#..#############
#....#
#.##.#########
#.. #.†@BgBgg..
.... ###B#######
...#. #B..
...>#. ..?...
....#. .....B.#
........#
........#
#B...(...#


You could see 3 gnolls and 5 giant cockroaches.

Vanquished Creatures
  A gnoll (D:2)
  4 endoplasms
  3 giant cockroaches
  2 goblins (D:1)
  4 hobgoblins (D:1)
  4 jackals (D:1)
  A quokka (D:1)
  5 ball pythons
  A frilled lizard (D:1)
  4 kobolds (D:1)
29 creatures vanquished.

Notes
Turn   | Place    | Note
-------+----------+-------------------------------------------
     0 | D:1      | mopl the Draconian Enchanter began the quest for the Orb.
     0 | D:1      | Reached XP level 1. HP: 14/14 MP: 3/3
   145 | D:1      | Reached XP level 2. HP: 16/20 MP: 5/5
   289 | D:1      | Learned a level 2 spell: Ensorcelled Hibernation
   617 | D:1      | Reached XP level 3. HP: 23/26 MP: 3/6
   938 | D:2      | Learned a level 3 spell: Confusing Touch
  1023 | D:2      | Slain by a giant cockroach

Illustrated notes

Levels and vault maps discovered:
D:1:      matt_arrival_diagonals, layout_basic, serial_bayou_pond_e
D:2:      minmay_roachtagon, layout_basic

Skill      XL: |  1  2 |
---------------+-------+-----
Stealth        | 3 |  3.2
Hexes          | 3 |  3.1
Short Blades   | |  1.6
Dodging        | |  1.7
Spellcasting   | |  2.5

Action                     || total
---------------------------++-------
  Melee: Dagger            ||    84
         Tailslap          ||     4
         Punch             ||     2
   Cast: Ensorcelled Hiber ||     7
   Stab: Sleeping          ||    12
 Armour: Skin              ||    44
  Dodge: Dodged            ||    53
